Cogmind - Beta 12 @@@ ROGUE MODE // 2023.04.09 @ 21:47:54 Player: Exp. Geonium Core Result: Destroyed self with Rocket Launcher Performance ------------- Evolutions (0) 0 Regions Visited (2) 400 Robots Destroyed (12) 60 Value Destroyed (410) 410 Prototype IDs (0) 0 Alien Tech Used (0) 0 Bonus (0) 0 TOTAL SCORE: 870 Bonus ------- None Cogmind --------- Core Integrity 0/250 Matter 278/300 Energy 100/100 System Corruption 0% Temperature Cool (0) Movement Rolling (110) Ox2 Location -10/Mines Parts ------- > --- POWER (1) -------- (None) > --- PROPULSION (2) --- Flexi-carbon Leg Wheel > --- UTILITY (2) ------ Large Storage Unit Propulsion Shielding > --- WEAPON (2) ------- Rocket Launcher > --- INVENTORY (15) --- Medium Matter Pod (35) Light Assault Rifle Mini Grenade Launcher Mini Grenade Launcher Mini Grenade Launcher Mini Grenade Launcher Peak State ------------ > --- POWER ------------ (None) > --- PROPULSION ------- Flexi-carbon Leg Wheel > --- UTILITY ---------- Large Storage Unit Propulsion Shielding > --- WEAPON ----------- Rocket Launcher > --- INVENTORY -------- Medium Matter Pod Light Assault Rifle Mini Grenade Launcher Mini Grenade Launcher Mini Grenade Launcher Mini Grenade Launcher [Rating: 11] Favorites ----------- Power Light Ion Engine Engine Light Ion Engine Propulsion Light Treads Treads Light Treads Leg Aluminum Leg Wheel Wheel Utility Medium Matter Pod Storage Medium Matter Pod Protection Propulsion Shielding Weapon Mini Grenade Launcher Energy Gun Small Laser Ballistic Gun Light Assault Rifle Ballistic Cannon Improved Light Cannon Launcher Mini Grenade Launcher Build | -11 -10 -10 ------- Run | Jun Mat Min Slots Evolved . | . . . Power . | . . . Propulsion . | . . . Utility . | . . . Weapon . | . . . Parts Attached 23 | . 14 9 Power 2 | . 1 1 Engine 2 | . 1 1 Core . | . . . Reactor . | . . . Propulsion 8 | . 5 3 Treads 6 | . 5 1 Leg 1 | . . 1 Wheel 1 | . . 1 Hover . | . . . Flight . | . . . Utility 3 | . 2 1 Device . | . . . Storage 2 | . 2 . Processor . | . . . Hackware . | . . . Protection 1 | . . 1 Artifact . | . . . Weapon 10 | . 6 4 Energy Gun . | . . . Energy Cannon . | . . . Ballistic Gun . | . . . Ballistic Cannon 3 | . 1 2 Launcher 7 | . 5 2 Special Weapon . | . . . Impact Weapon . | . . . Slashing Weapon . | . . . Piercing Weapon . | . . . Special Melee Weapon . | . . . Unidentified Prototypes . | . . . Parts Lost 8 | . . 8 Power 2 | . . 2 Propulsion 3 | . . 3 Utility . | . . . Weapon 3 | . . 3 Highest Loss Streak 7 | . . 7 To Critical Strikes . | . . . Average Slot Usage (%) 89 | . 93 77 Engine 12 | . 13 8 Treads 21 | . 25 11 Leg 2 | . 2 1 Wheel 1 | . . 6 Storage 22 | . 22 21 Protection 1 | . . 6 Energy Gun 2 | . 3 . Ballistic Gun 4 | . 5 . Ballistic Cannon 2 | . 1 3 Launcher 16 | . 16 16 Naked Turns . | . . . Heaviest Build 30 | 10 27 30 Greatest Support 40 | 20 40 40 Greatest Overweight (x) 2 | . 2 2 Average Overweight (x) . | . . 1 Largest Inventory Capacity 15 | . 15 15 Average Capacity 11 | . 9 15 Most Carried 11 | . 8 11 Average Carried 7 | . 7 7 Final Capacity 15 | 8 15 15 Final Carried 8 | 6 8 6 Class Distribution -------------------- 100% | Mutant Dominant Class ---------------- Mutant | -10/Materials Mutant | -10/Mines Resources | -11 -10 -10 ----------- Run | Jun Mat Min Matter Collected 695 | 199 162 334 Remotely . | . . . Salvage Created 268 | . 227 41 Parts 10 | . 10 . Haulers Intercepted 2 | . 2 . Recyclers Shooed 2 | . 2 . Parts Field Recycled . | . . . Retrieved Matter . | . . . Parts Self-Destructed . | . . . Prevented . | . . . Kills | -11 -10 -10 ------- Run | Jun Mat Min Combat Hostiles Destroyed 14 | . 5 9 Cannons 1 | . . 1 AOE 13 | . 5 8 Classes Destroyed 5 | . 3 2 Hauler 2 | . 2 . Watcher 1 | . 1 . Grunt 7 | . 5 2 Demolisher 2 | . . 2 Assembled 5 | . . 5 Best Kill Streak 4 | . 4 4 Combat Bots Only 4 | . 3 4 Max Kills in Single Turn 4 | . 2 4 Gunslinging . | . . . Exploded 4 | . 2 4 Melee . | . . . Uniques/NPCs Destroyed . | . . . Combat | -11 -10 -10 -------- Run | Jun Mat Min Damage Taken 1101 | . 91 1010 Core 263 | . 22 241 Absorbed by Shields . | . . . Redirected to Shielding 4 | . . 4 Core Remaining (%) 100 | 100 . . Volleys Fired 31 | . 8 23 Largest 2 | . 2 2 Hottest 78 | . 60 78 Shots Fired 50 | . 16 34 Gun 8 | . 8 . Cannon 20 | . 2 18 Launcher 22 | . 6 16 Special . | . . . Kinetic 25 | . 7 18 Thermal 3 | . 3 . Explosive 22 | . 6 16 Electromagnetic . | . . . Robot Hit Streak 9 | . 6 9 Robot Miss Streak 3 | . 1 3 Penetration Max . | . . . Secondary Targets . | . . . Shots Hit Robots 32 | . 11 21 Core Hits 27 | . 10 17 Critical Kills . | . . . Critical Parts Destroyed . | . . . Critical Strikes . | . . . Melee Attacks . | . . . Impact . | . . . Slashing . | . . . Piercing . | . . . Sneak Attacks . | . . . Combat Hostiles . | . . . Follow-up Attacks . | . . . Damage Inflicted 1420 | . 523 897 Guns 51 | . 51 . Cannons 205 | . 19 186 Explosions 1124 | . 413 711 Melee . | . . . Ramming 40 | . 40 . Kinetic 236 | . 50 186 Thermal 20 | . 20 . Explosive 1124 | . 413 711 Electromagnetic . | . . . Impact . | . . . Slashing . | . . . Piercing . | . . . Highest Corruption . | . . . Average Corruption . | . . . Corruption Purged . | . . . Corruption Blocked . | . . . Overload Shots . | . . . Overflow Damage 114 | . 9 105 Projectiles . | . . . Explosions 114 | . 9 105 Melee . | . . . Knockbacks 2 | . . 2 Impact . | . . . Kinetic 2 | . . 2 Secondary . | . . . Self-Inflicted Damage 152 | . . 152 Shots 4 | . . 4 Rammed 8 | . 8 . Targets Rammed 9 | . 9 . Kicked . | . . . Crushed 1 | . 1 . Highest Temperature 99 | . 20 99 Average Temperature 41 | . 11 54 Received Heat Transfer 115 | . 51 64 Siege Activations . | . . . Robots Corrupted . | . . . Combat Hostiles . | . . . Parts Fried . | . . . Impact Corruptions . | . . . Robots Melted . | . . . Combat Hostiles . | . . . Parts Melted . | . . . Heat Transferred 50 | . 50 . Parts Sabotaged . | . . . Parts Stolen . | . . . Parts Stripped . | . . . Power Chain Reactions . | . . . Missiles Intercepted . | . . . Alert | -11 -10 -10 ------- Run | Jun Mat Min Peak Influence 189 | . 189 123 Initial 37 | . . 37 Average 57 | . 49 78 Maximum Alert Level . | . . . Low Security (%) 100 | . 100 100 Level 1 . | . . . Level 2 . | . . . Level 3 . | . . . Level 4 . | . . . Level 5 . | . . . High Security . | . . . Max Security . | . . . Squads Dispatched 2 | . 2 . Investigation 1 | . 1 . Extermination . | . . . Reinforcement 1 | . 1 . Assault . | . . . Garrison . | . . . Intercept . | . . . Searches Triggered . | . . . Construction Impeded . | . . . Haulers Reinforced . | . . . Active Scanning Responses . | . . . Cargo Convoy Interrupts . | . . . Stealth | -11 -10 -10 --------- Run | Jun Mat Min Distress Signals 2 | . 2 . Communications Jammed . | . . . Distress Signals . | . . . Times Spotted 20 | . 10 10 Peak Tracking Total 5 | . 5 4 Tactical Retreats 1 | . . 1 Traps | -11 -10 -10 ------- Run | Jun Mat Min Traps Triggered 3 | . 3 . Indirectly . | . . . Trap Hack Attempts . | . . . Triggered . | . . . Disarmed . | . . . Reprogrammed . | . . . Reused . | . . . Traps Extracted . | . . . Installed . | . . . Triggered . | . . . Machines | -11 -10 -10 ---------- Run | Jun Mat Min Machines Disabled 2 | . 2 . Max in Single Turn 1 | . 1 . Machines Repaired . | . . . Machines Sabotaged . | . . . Overloaded Fab Kills . | . . . Hacking | -11 -10 -10 --------- Run | Jun Mat Min Machines Accessed 4 | . 3 1 Terminals 3 | . 2 1 Fabricators . | . . . Repair Stations . | . . . Recycling Units 1 | . 1 . Scanalyzers . | . . . Garrison Access . | . . . Total Hacks 8 | . 6 2 Successful 2 | . 2 . Failed 6 | . 4 2 Catastrophic 4 | . 2 2 Database Lockouts . | . . . Manual 8 | . 6 2 Terminals 7 | . 5 2 Fabricators . | . . . Repair Stations . | . . . Recycling Units 1 | . 1 . Scanalyzers . | . . . Garrison Access . | . . . Terminal Hacks 1 | . 1 . Branch Access Points 1 | . 1 . Fabricator Hacks . | . . . Repair Station Hacks . | . . . Recycling Unit Hacks . | . . . Scanalyzer . | . . . Garrison Access Hacks . | . . . Unauthorized Hacks 1 | . 1 . Terminals . | . . . Fabricators . | . . . Repair Stations . | . . . Recycling Units 1 | . 1 . Tunnel 1 | . 1 . Scanalyzers . | . . . Garrison Access . | . . . Data Cores Recovered . | . . . Used . | . . . Hacking Detections 3 | . 2 1 Full Trace Events . | . . . Feedback Events . | . . . Feedback Blocked . | . . . Robot Schematics Acquired . | . . . Robots Built . | . . . Authchips . | . . . Time . | . . . Total Robot Build Rating . | . . . Part Schematics Acquired . | . . . Parts Built . | . . . Authchips . | . . . Time . | . . . Total Part Build Rating . | . . . Parts Repaired . | . . . Time . | . . . Parts Recycled . | . . . Recycled Matter . | . . . Retrieved Matter . | . . . Retrieved Components . | . . . Parts Scanalyzed . | . . . Part Schematics Acquired . | . . . Parts Damaged . | . . . Bothacking | -11 -10 -10 ------------ Run | Jun Mat Min Used RIF Installer . | . . . Robots Hacked . | . . . Non-combat . | . . . Combat . | . . . Robot Hacks Applied . | . . . Relay Couplers Released . | . . . Fabnet Peak Effective % . | . . . Robots Rewired . | . . . Allies Hacked . | . . . Hacks Repelled . | . . . Allies | -11 -10 -10 -------- Run | Jun Mat Min Total Allies . | . . . Largest Group . | . . . Highest-Rated Group . | . . . Highest-Rated Ally . | . . . Total Orders . | . . . Ally Attacks . | . . . Total Damage . | . . . Kills . | . . . Allies Corrupted . | . . . Allies Melted . | . . . Intel | -11 -10 -10 ------- Run | Jun Mat Min Robot Analysis Total . | . . . Derelict Logs Recovered 1 | . . 1 Drone Launches . | . . . Drone Recoveries . | . . . Exploration | -11 -10 -10 ------------- Run | Jun Mat Min Turns Passed 926 | . 674 252 Spaces Moved 535 | 1 392 142 Core 2 | . 2 . Treads 384 | . 343 41 Legs 48 | 1 47 . Wheels 101 | . . 101 Hover . | . . . Flight . | . . . Fastest Speed 110 | 120 120 110 Average Speed 147 | 120 155 128 Slowest Speed 240 | 120 160 240 Overloaded Moves . | . . . Propulsion Burnouts . | . . . Robots Hopped . | . . . Cave-ins Triggered . | . . . Exploration Rate (%) 30 | 2 63 26 Regions Visited 2 Branch Regions 1 Pre-discovered Areas 2 | . 1 1 Known Exits Taken 1 | . 1 . Unknown Exits Taken 1 | 1 . . Scrap Searched . | . . . Spaces Dug . | . . . Terrain Destroyed 135 | . 32 103 Melee . | . . . Projectile . | . . . AOE 135 | . 32 103 Terrain Rammed . | . . . Walls Destroyed . | . . . Machines Disabled . | . . . Actions | -11 -10 -10 --------- Run | Jun Mat Min Total 612 | . 435 177 Wait 1 | . 1 . Move 533 | . 391 142 Hop . | . . . Pick Up 9 | . 6 3 Fast Attach 10 | . 9 1 Attach 7 | . 2 5 Detach . | . . . Swap 6 | . 3 3 Drop 6 | . 6 . Fire 31 | . 8 23 Melee . | . . . Ram . | . . . Kick . | . . . Crush 9 | . 9 . Escape Stasis . | . . . Rewire . | . . . Trap . | . . . Miscellaneous . | . . . Route ------- -11/Junkyard -10/Materials (discovered 2 exits: [*Mat] / *Min) -10/Mines History --------- Turn | Location | Event 1 | -11/Junkyard | Discovered new exit (range 0) 1 | -11/Junkyard | Entered Materials 300 | -10/Materials | Build established: Mutant 440 | -10/Materials | Discovered new exit (range 14) 533 | -10/Materials | Identified exit to Mines 675 | -10/Materials | Entered Mines 686 | -10/Mines | Assembled infested the area 691 | -10/Mines | Assisted by a Guerilla fighting off Assembled 702 | -10/Mines | Received a Rocket Launcher from a helpful Derelict 710 | -10/Mines | Met a Derelict bent on vengeance 791 | -10/Mines | Core integrity fell below 50% 822 | -10/Mines | Lost 7 parts (1p3n3w) 864 | -10/Mines | Learned location of Zion (-7) 926 | -10/Mines | Core integrity fell below 20% 927 | -10/Mines | Destroyed self with Rocket Launcher Last Messages --------------- 00883_ Acquired 10 matter. 00885_ Acquired 6 matter. 00886_ Acquired 57 matter. 00887_ Lgt. Ion Engine destroyed. 00887_ Destroyed Lgt. Ion Engine. 00889_ as-45078 destroyed. 00889_ as-48884 destroyed. 00889_ Destroyed Asb. F-torch. 00889_ as-30092 destroyed. 00889_ as-55765 destroyed. 00894_ Acquired Flexi-carbon Leg. 00895_ Acquired 22 matter. 00896_ Acquired 7 matter. 00897_ The unstable cave ceiling collapses. 00897_ Acquired 8 matter. 00898_ Acquired 50 matter. 00899_ K-01 Serf collects debris. 00899_ Acquired 4 matter. 00927_ Destroyed Asb. Hover Unit. 00927_ as-52834 destroyed. Map ----- +----------------------------------------------------+ | ????????# %!!= ### ##??#### ### | | ????????# # %| ?# ##?# ## # # | | ????????# ?# %% ## #?# ### ###?### ## | | ????????#??# # #??# ## ##????# ### | | ???????????# = #?## ###### #### | | ????????????# = ### ! ! # """ | | ?????????????# % = " ## # """ | | ?????????????# ! #### ######??# """ | | ?????????????# ## ##??#####???????##### | | ?????????????########## #???????????????????? | | ?????????????????????## % #???????????????????? | | ?????????????????????# !% ##??????????????????? | | ?????????????????????# |%! ##?????????????????? | | ????????????????????## #?????????????????? | | ??????????????????### #?????????????????? | | ?????????????????## = ##?????????????????? | | ?????????????????# %##??????????????????? | | ?????????????????## ##### #???????????????????? | | ??????????????????# ##???### ?????????????????? | | ??????????????????# #??????? ####????????????????? | | ??????????????????# #??????? #???????????????????? | | ??????????????????# #???#### ????????????????????? | | ??????????????????# #??## ?????????????????????? | | ??????????????????# #### #??????????????????????? | | ??????????????????# # #????????????????????? | | ??????????????????###### @ #????????????????????? | | ??????????????????????# ##????????????????????? | | ??????????????????????## ????????????????????? | | ??????????????????????? #%???????????????????? | | ??????????????????????## ###?#??????????????????? | | ???????????????????????####??????????????????????? | | ?????????????????????????????????????????????????? | | ?????????????????????????????????????????????????? | | ?????????????????????????????????????????????????? | | ?????????????????????????????????????????????????? | | ?????????????????????????????????????????????????? | | ?????????????????????????????????????????????????? | | ?????????????????????????????????????????????????? | | ?????????????????????????????????????????????????? | | ?????????????????????????????????????????????????? | | ?????????????????????????????????????????????????? | | ?????????????????????????????????????????????????? | | ?????????????????????????????????????????????????? | | ?????????????????????????????????????????????????? | | ?????????????????????????????????????????????????? | | ?????????????????????????????????????????????????? | | ?????????????????????????????????????????????????? | | ?????????????????????????????????????????????????? | | ?????????????????????????????????????????????????? | | ?????????????????????????????????????????????????? | +----------------------------------------------------+ Best States ------------- Heat Dissipation 25 Energy Generation 10 Energy Capacity 125 Matter Stores 333 Matter Capacity 400 Sight Range 16 Terrain Scan Density 10 Propulsion Shielding 33 Evasion (%) 55 Recoil Reduction 2 Item Schematics ----------------- None Robot Schematics ------------------ None Fabricated ------------ Nothing Alien Tech Used ----------------- None Achievements -------------- None Challenges ------------ None Game ------ Seed SingularityNavigationShifter Manual? 0 Play Time 00:08:23 Cumulative 389.1 hours Start 2023.04.09 @ 21:38:22 End 2023.04.09 @ 21:47:54 Sessions 1 Manual Loads 0 Difficulty Rogue Special Mode None Game No. 431 Rogue 431 Adventurer 0 Explorer 0 Win Type - Total 12 Types 8/0/3/1/0/0/0/0/0 Lore% 81 Gallery% 89 Achievement% 79 Wizard Run 0 Options --------- ASCII 0 Keyboard 0 Movement Numpad Keybinds 0 Fullscreen 1 Font 18/Terminus Map View 76x50 Tactical HUD 1 Map Filters NONE Filters NONE Steam 1 RUN: 50e1ccb2-d6a2-41d5-b04b-a5f2a20e8c1a